Kradschützen Motorcycle Team
Construct Light Support Kompanie
Selects Defensive Operations
le.IG 18 Mechanized Group
Construct Panzerarmee Kommand
Selects L6/40 Light Tank Combat Group
Flak 36 Anti-tank Gun Team
Selects Prepared Positions
Selects Towed Cannone da 105/28 Field Howitzer
Towed Cannone da 105/28 Field Howitzer
Selects Obice 305mm Barrage
Pak 38 Anti-tank Gun Team
Towed Cannone da 105/28 Field Howitzer